 Dungeon Crawl Stone Soup version 0.21-a0-286-g6fcecc0 (webtiles) character file.

335 Espgualade the Skirmisher (level 6, 0/40 HPs)
             Began as a Tengu Ice Elementalist on Sept 25, 2017.
             Slain by a worker ant (7 damage)
             ... on level 5 of the Dungeon.
             The game lasted 00:08:48 (4035 turns).

Espgualade the Skirmisher (Tengu Ice Elementalist)  Turns: 4035, Time: 00:08:49

Health: 0/40       AC:  2    Str:  9    XL:     6   Next: 53%
Magic:  1/10       EV: 13    Int: 17    God:
Gold:   195        SH:  0    Dex: 14    Spells: 3/9 levels left

rFire    . . .     SeeInvis .   e - +3 whip (drain)
rCold    . . .     Gourm    .   (no shield)
rNeg     . . .     Faith    .   a - +0 robe
rPois    .         Spirit   .   k - +0 hat
rElec    .         Reflect  .   (no cloak)
rCorr    .         Harm     .   q - -1 pair of gloves (curse)
MR       .....                  (boots unavailable)
Stlth    +++.......             (no amulet)
HPRegen  0.13/turn              f - ring of stealth
MPRegen  0.12/turn              (no ring)

@: very slightly contaminated
A: beak, talons 3, able to fly 1
a: Fly


You were on level 5 of the Dungeon.
You were not hungry.

You visited 1 branch of the dungeon, and saw 5 of its levels.

You collected 195 gold pieces.

Inventory:

Hand Weapons
 e - a +3 whip of draining (weapon)
 o - a +3 dagger of venom
Armour
 a - a +0 robe (worn)
 k - a +0 hat (worn)
 q - a cursed -1 pair of gloves (worn)
Jewellery
 f - a ring of stealth (left hand)
Wands
 j - a wand of digging (3/24)
Scrolls
 h - 4 scrolls of enchant weapon
 r - a scroll of magic mapping {unknown}
 s - a scroll of identify {unknown}
 u - a scroll of teleportation
Potions
 i - a potion of agility {unknown}
 l - a potion of curing
 m - 2 potions of might {unknown}
 n - a potion of heal wounds {unknown}
 p - 2 potions of flight {unknown}
 t - a potion of brilliance {unknown}
Books
 b - a book of Frost

   Spells                             Type                      Level
   a - Freeze                         Ice                          1
   b - Throw Frost                    Conjuration/Ice              2
   c - Ozocubu's Armour               Charms/Ice                   3
   d - Throw Icicle                   Conjuration/Ice              4
   e - Summon Ice Beast               Ice/Summoning                4
Comestibles
 c - 3 bread rations
 d - a meat ration
 g - a royal jelly
 v - 3 chunks of flesh


   Skills:
 - Level 5.0 Fighting
 + Level 3.5 Dodging
 + Level 3.5 Stealth
 - Level 2.0 Spellcasting
 - Level 1.3 Conjurations
 - Level 2.6 Ice Magic


You had 3 spell levels left.
You knew the following spells:

 Your Spells              Type           Power        Failure   Level  Hunger
a - Freeze                Ice            ##..         6%          1    #......
b - Throw Frost           Conj/Ice       #.....       13%         2    ###....
c - Ozocubu's Armour      Chrm/Ice       #.......     32%         3    ###....


Dungeon Overview and Level Annotations

Branches:
Dungeon (5/15)
 Temple: D:4-7

Altars:
Cheibriados
Fedhas
Okawaru
Qazlal
Uskayaw

Annotations:
D:4 dadajohnson's ghost, amateur DgAE


Innate Abilities, Weirdness & Mutations

You have a beak for a mouth.
You have claws for feet.
You can fly.


Message History

You miscast Throw Frost.
You are very lightly contaminated with residual magic.
Frost covers your body.
Casting: Throw Frost
Confirm with . or Enter, or press ? or * to list all spells.
Aiming: Throw Frost
Press: ? - help, Shift-Dir - straight line, f/p - worker ant
Aim: a worker ant (moderately wounded)
The puff of frost hits the worker ant.
The worker ant is heavily wounded.
The worker ant barely misses you.
Casting: Throw Frost
Confirm with . or Enter, or press ? or * to list all spells.
Aiming: Freeze
Press: ? - help, Shift-Dir - straight line, f/p - worker ant
Aim: a worker ant (heavily wounded)
You freeze the worker ant.
The worker ant is heavily wounded.
The worker ant bites you!
You die...

#.#
#.#
#.#
#.#
#.#
#.#
#.#
#@#
#a#
#.#
#.#
#.#
#..
###


You could see a worker ant.

Vanquished Creatures
  2 orc priests (D:4)
  An orc wizard (D:4)
  Jessica (D:2)
  Natasha (thrice) (D:3)
  5 adders (D:2)
  2 oozes
  3 worms (D:2)
  2 dart slugs (D:2)
  4 leopard geckos
  5 orcs
  9 giant cockroaches
  5 goblins
  6 hobgoblins
  2 jackals (D:3)
  2 quokkas (D:3)
  3 ball pythons
  6 bats
  A frilled lizard (D:1)
  11 kobolds
  7 rats
80 creatures vanquished.

Notes
Turn   | Place    | Note
-------+----------+-------------------------------------------
     0 | D:1      | Espgualade the Tengu Ice Elementalist began the quest for the Orb.
     0 | D:1      | Reached XP level 1. HP: 10/10 MP: 4/4
   231 | D:1      | Reached skill level 1 in Fighting
   530 | D:1      | Reached XP level 2. HP: 14/16 MP: 6/6
   627 | D:1      | Reached skill level 2 in Fighting
  1033 | D:2      | Learned a level 2 spell: Throw Frost
  1044 | D:2      | Reached XP level 3. HP: 22/22 MP: 7/7
  1141 | D:2      | Reached skill level 3 in Fighting
  1364 | D:2      | Reached XP level 4. HP: 21/28 MP: 5/8
  1784 | D:2      | Reached skill level 4 in Fighting
  2076 | D:2      | Found a blossoming altar of Fedhas.
  2182 | D:2      | Found a stormy altar of Qazlal.
  2195 | D:2      | Noticed Jessica
  2199 | D:2      | Killed Jessica
  2199 | D:2      | Gained mutation: You can fly. [Tengu growth]
  2199 | D:2      | Reached XP level 5. HP: 30/34 MP: 9/9
  2330 | D:2      | Learned a level 3 spell: Ozocubu's Armour
  2803 | D:3      | Reached skill level 5 in Fighting
  2830 | D:3      | Noticed Natasha
  2840 | D:3      | Killed Natasha
  3231 | D:3      | Noticed Natasha
  3239 | D:3      | Killed Natasha
  3239 | D:3      | Reached XP level 6. HP: 28/40 MP: 10/10
  3333 | D:3      | Noticed Natasha
  3338 | D:3      | Killed Natasha
  3535 | D:4      | Noticed dadajohnson's ghost (amateur DgAE)
  3546 | D:4      | Found an iron altar of Okawaru.
  3583 | D:4      | Found a hide-covered altar of Uskayaw.
  3585 | D:4      | Found a snail-covered altar of Cheibriados.
  4030 | D:5      | Entered Level 5 of the Dungeon
  4035 | D:5      | Slain by a worker ant

Vault maps used:
D:1:      minmay_arrival_solitary_statue
D:2:      grunt_temple_overflow_forces_of_nature, item_on_display_a,
          uniq_jessica
D:3:      grunt_ministairs_14, palyth_stone_intersect, uniq_natasha
D:4:      lemuel_doored_altar, nicolae_overflow_hidden_temple, first_bread,
          okawaru_trees_1
D:5:      lemuel_crystal_altar, lemuel_coloured_pillars_altar

Skill      XL: |  1  2  3  4  5  6 |
---------------+-------------------+-----
Fighting       | 1 2 3 4 5 |  5.0
Dodging        | 3 |  3.5
Stealth        | 3 |  3.5
Spellcasting   | |  2.0
Conjurations   | |  1.3
Ice Magic      | |  2.6

Action                   |  1- 3 |  4- 6 || total
-------------------------+-------+-------++-------
Melee: Unarmed           |    17 |       ||    17
       Kick              |    17 |    18 ||    35
       Whip              |    65 |    95 ||   160
       Peck              |     8 |     7 ||    15
 Cast: Freeze            |     8 |    17 ||    25
       Throw Frost       |       |     2 ||     2
  Use: Scroll            |     3 |     2 ||     5
       Potion            |       |     1 ||     1
 Stab: Sleeping          |     5 |     8 ||    13
  Eat: Chunk             |     2 |     8 ||    10
Armor: Robe              |    18 |    11 ||    29
Dodge: Dodged            |    39 |    52 ||    91

Table legend:
 A = Spawn XP
 B = Non-spawn XP
 C = Spawn XP percentage of total XP
 D = Spawn monster count
 E = Non-spawn monster count
 F = Spawn count percentage of total count
 G = Total turns spent on level
                    A         B        C        D         E        F      G
               +---------+---------+-------+---------+---------+-------+---------
         Total |       0 |     479 |   0.0 |       0 |      80 |   0.0 |  4035
               +---------+---------+-------+---------+---------+-------+---------
           D:1 |       0 |      33 |   0.0 |       0 |      17 |   0.0 |  1029
           D:2 |       0 |     162 |   0.0 |       0 |      28 |   0.0 |  1302
           D:3 |       0 |     158 |   0.0 |       0 |      30 |   0.0 |  1201
           D:4 |       0 |     126 |   0.0 |       0 |       5 |   0.0 |   498
               +---------+---------+-------+---------+---------+-------+---------
